 Dungeon Crawl Stone Soup version 0.29.0-13-gc9e81de378 (webtiles) character file.

Game seed: 8894279374672089085

291 smilodon the Covered (level 6, -2/47 HPs)
             Began as a Demonspawn Fighter on Sept 8, 2022.
             Was an Initiate of Makhleb.
             Slain by a scorpion (5 damage)
             ... on level 4 of the Dungeon.
             The game lasted 00:05:15 (3678 turns).

smilodon the Covered (Demonspawn Fighter)           Turns: 3678, Time: 00:05:16

Health: -2/47      AC: 10    Str: 19    XL:     6   Next: 10%
Magic:  6/6        EV: 10    Int:  9    God:    Makhleb [......]
Gold:   135        SH:  4    Dex: 12    Spells: 5/5 levels left

rFire   + . .      SeeInvis .   f - +0 short sword (drain)
rCold   . . .      Faith    .   c - +0 buckler
rNeg    . . .      Spirit   .   o - +1 ring mail {rF+}
rPois   .          Reflect  .   (helmet restricted)
rElec   .          Harm     .   (no cloak)
rCorr   .          Rampage  .   (no gloves)
Will    .....                   l - +0 pair of boots
Stlth   +.........              (no amulet)
HPRegen 0.15/turn               (no ring)
MPRegen 0.10/turn               (no ring)

@: mighty
A: antennae 2, powered by pain 1, sharp scales 2
a: Renounce Religion


You were on level 4 of the Dungeon.
You worshipped Makhleb.
Makhleb was noncommittal.
You visited 1 branch of the dungeon, and saw 4 of its levels.

You collected 135 gold pieces.

Inventory:

Hand Weapons
 a - a +0 trident
 f - a +0 short sword of draining (weapon)
Missiles
 i - 4 poisoned darts (quivered)
 j - 3 silver javelins
Armour
 b - a +0 scale mail
 c - a +0 buckler (worn)
 h - a +0 plate armour
 l - a +0 pair of boots (worn)
 o - a +1 ring mail of fire resistance (worn)
Potions
 e - a potion of mutation


   Skills:
 - Level 3.1 Fighting
 * Level 3.2 Short Blades
 - Level 2.0 Polearms
 + Level 3.7 Armour
 + Level 1.2 Dodging
 + Level 3.7 Shields
 + Level 1.0 Invocations


You had 5 spell levels left.
You didn't know any spells.
Your spell library contained the following spells:

 Spells                   Type           Power      Damage    Failure   Level
 Summon Small Mammal      Summ           0%         N/A       65%         1
 Call Canine Familiar     Summ           0%         N/A       95%         3
 Summon Guardian Golem    Hex/Summ       0%         N/A       95%         3


Dungeon Overview and Level Annotations

Branches:
Dungeon (4/15)
 Temple: D:4-7

Altars:
Makhleb
Xom

Annotations:
D:4 Menkaure


Innate Abilities, Weirdness & Mutations

You have a pair of antennae on your head.
You sometimes gain a little power by taking damage.
You are mostly covered in razor-sharp scales. (AC +2, Slay +2)


Message History

Okay, then.
Okay, then.
A kobold comes into view. It is wielding a +0 club.
The kobold shouts!
The kobold throws a stone.
The stone barely misses you.
A scorpion comes into view.
The kobold throws a stone.
The stone closely misses you. The worm barely misses you.
You puncture the worm! You drain the worm.
You kill the worm!
Makhleb accepts your kill.
A black bear comes into view.
The kobold throws a stone.
The stone hits you.
* * * LOW HITPOINT WARNING * * *
The jackal attacks as you move away! The jackal barely misses you.
The jackal bites you but does no damage.
The jackal attacks as you move away! The jackal barely misses you.
The jackal attacks as you move away!
The jackal bites you but does no damage.
A scorpion comes into view.
The jackal bites you but does no damage.
You block the jackal's attack. The scorpion stings you.
* * * LOW HITPOINT WARNING * * *
The jackal attacks as you move away! The jackal barely misses you.
As you read the scroll of fear, it crumbles to dust.
You assume a fearsome visage.
The scorpion looks frightened!
The jackal looks frightened!
Throw: 5 darts (poison)
Press: ? - help, Q - select action, (/) - cycle Shift-Dir - straight line, f - kobold
Aim: a kobold, wielding a +0 club and quivering stones (53% to hit)
You throw a poisoned dart. The poisoned dart misses the kobold.
You barely miss the kobold. You block the kobold's attack.
You puncture the kobold!
You kill the kobold!
Makhleb accepts your kill.
The scorpion stings you but does no damage.
You closely miss the scorpion.
Cornered, the jackal turns to fight!
The scorpion stings you.
You die...

#...#. ..h
######(.... ..#
##hs.#..#...##.## #
#.......##......## .
#.......# #..K..$# ..
#.....#.###......# ..
##.......###{....##..
###s#....#..........
#@###......##.....
### ##.###.##.....
#.##...#.....
.......).....
#.......))..##
.##....(....#
.............#
..............#
........#.Dh.


You could see 2 scorpions and a jackal.

Vanquished Creatures
  A jelly (D:3)
  2 orc priests
  Terence (D:2)
  Natasha (twice) (D:2)
  3 adders
  3 worms
  5 dart slugs
  6 orcs
  5 ball pythons
  2 endoplasms
  3 giant cockroaches
  9 goblins
  3 hobgoblins
  6 jackals
  9 kobolds
  A quokka (D:3)
  6 bats
  6 frilled lizards
  14 rats
87 creatures vanquished.

Notes
Turn   | Place    | Note
-------+----------+-------------------------------------------
     0 | D:1      | smilodon the Demonspawn Fighter began the quest for the
                  | Orb.
     0 | D:1      | Reached XP level 1. HP: 18/18 MP: 1/1
   229 | D:1      | Gained mutation: You have a pair of small antennae on your
                  | head. [demonic ancestry]
   229 | D:1      | Reached XP level 2. HP: 22/24 MP: 2/2
   669 | D:1      | Gained mutation: You are partially covered in razor-sharp
                  | scales. (AC +1, Slay +1) [demonic ancestry]
   669 | D:1      | Reached XP level 3. HP: 24/29 MP: 3/3
   741 | D:1      | Reached skill level 1 in Short Blades
  1422 | D:2      | Gained mutation: You have a pair of antennae on your head.
                  | [demonic ancestry]
  1422 | D:2      | Reached XP level 4. HP: 35/35 MP: 4/4
  1443 | D:2      | Found a shimmering altar of Xom.
  1626 | D:2      | Noticed Terence
  1644 | D:2      | Killed Terence
  1913 | D:2      | Noticed Natasha
  1940 | D:2      | Killed Natasha
  1941 | D:2      | Gained mutation: You sometimes gain a little power by
                  | taking damage. [demonic ancestry]
  1941 | D:2      | Reached XP level 5. HP: 24/41 MP: 5/5
  2065 | D:2      | Noticed Natasha
  2073 | D:2      | Killed Natasha
  2252 | D:3      | Found a burning altar of Makhleb.
  2367 | D:3      | Became a worshipper of Makhleb the Destroyer
  2403 | D:3      | Reached skill level 1 in Dodging
  3036 | D:4      | Noticed Menkaure
  3642 | D:4      | Noticed a steam dragon
  3648 | D:4      | Reached skill level 1 in Invocations
  3648 | D:4      | Gained mutation: You are mostly covered in razor-sharp
                  | scales. (AC +2, Slay +2) [demonic ancestry]
  3648 | D:4      | Reached XP level 6. HP: 25/47 MP: 6/6
  3672 | D:4      | HP: 2/47 [scorpion (4)]
  3678 | D:4      | Slain by a scorpion

Illustrated notes

Levels and vault maps discovered:
D:1:      wander_arrival_lonely_grave, layout_basic
D:2:      layout_loops_ring, basic_altar, minmay_misc_feat_plants,
          kennysheep_generic_room_16, uniq_natasha, uniq_terence
D:3:      layout_rooms, mainiacjoe_overflow_tiny_flanked, elyvilon_altar_5,
          grunt_decor_clamped, chequers_serial_rivers_micro_e
D:4:      layout_cave_pools, uniq_menkaure

Skill      XL: |  1  2  3  4  5 |
---------------+----------------+-----
Polearms       | 2 |  2.0
Shields        | 3 |  3.7
Armour         | 3 |  3.7
Short Blades   | 1 2 3 |  3.2
Dodging        | 1 |  1.2
Invocations    | 1 |  1.0
Fighting       | |  3.1

Action                   |  1- 3 |  4- 6 || total
-------------------------+-------+-------++-------
Melee: Trident           |    30 |       ||    30
       Short sword       |    90 |   140 ||   230
Throw: Dart              |       |     1 ||     1
  Use: Potion            |       |     6 ||     6
       Scroll            |       |     4 ||     4
Armor: Scale mail        |    54 |     9 ||    63
       Ring mail         |       |    59 ||    59
Dodge: Dodged            |    49 |    74 ||   123
Block: Buckler           |    29 |    19 ||    48
